[Event "Rapid della Domenica"]
[Site "Chess.com"]
[Date "2020.05.10"]
[Round "1"]
[White "SanSecondoPR"]
[Black "BAKR1980"]
[Result "0-1"]
[WhiteElo "1243"]
[BlackElo "1653"]
[TimeControl "720+3"]
[EndTime "6:07:48 PDT"]
[Termination "BAKR1980 ha vinto per abbandono"]

1. e4 d6 2. d4 e5 3. dxe5 Nc6 4. exd6 Nf6 5. dxc7 Qxd1+ 6. Kxd1 Nxe4 7. Ke2 Bd6 8.
f3 Nd4+ 9. Kd3 Nf2+ 10. Kxd4 Bxc7 11. Be3 Bb6+ 12. Kc3 Bxe3 13. Bb5+ Kd8 14. Ne2 Nxh1 15. Na3 Nf2 16. Rf1 a6 17. Bc4 b5 18. Bxf7 Ra7 19. b4 Rxf7 0-1

[Event "Rapid della Domenica"]
[Site "Chess.com"]
[Date "2020.05.10"]
[Round "1"]
[White "Mrtre7"]
[Black "GB86_CHESS"]
[Result "0-1"]
[WhiteElo "1421"]
[BlackElo "1740"]
[TimeControl "720+3"]
[EndTime "6:14:48 PDT"]
[Termination "GB86_CHESS ha vinto per scaccomatto"]

1. d4 e6 2. c4 b6 3. Nc3 Bb7 4.
e4 Bb4 5. Bd3 f5 6. Qc2 Nf6 7.
Bg5 h6 8. Bxf6 Qxf6 9. Nf3 fxe4 10. Bxe4 d5 11. Bg6+ Kd8 12. Ne5 Rf8 13. O-O Nd7 14. cxd5 Nxe5 15. dxe5 Qxe5 16. Rfe1 Qg5 17. Nb5 Bc5 18. Rf1 Bxd5 19. Rad1 Qxg2# 0-1

[Event "Rapid della Domenica"]
[Site "Chess.com"]
[Date "2020.05.10"]
[Round "1"]
[White "fisherpez"]
[Black "OMatteoWuO"]
[Result "1-0"]
[WhiteElo "1629"]
[BlackElo "1163"]
[TimeControl "720+3"]
[EndTime "6:15:10 PDT"]
[Termination "fisherpez ha vinto per abbandono"]

1. e3 Nf6 2. b3 d5 3. Bb2 e6 4. Nf3 Nc6 5. Bb5 Bd7 6. Bxc6 Bxc6 7. Ne5 Bd7 8. Qf3 Be7 9. h3 c5 10. d3 Qc7 11. Ng4 Nxg4 12. hxg4 f6 13. g5 O-O-O 14. gxf6 gxf6 15. Nd2 Rhf8 16. Rxh7 Qd6 17. O-O-O e5 18.
Qh5 b6 19. Rh1 d4 20. e4 b5 21. f3 f5 22. Rf7 Rh8 23. Rh7 Rxh7 24. Qxh7 fxe4 25.
Nxe4 Qe6 26. Rh6 Qg8 27. Qxg8 Rxg8 28. g4 Kc7 29. Kb1 Bc6 30. Bc1 Bxe4 31. dxe4 Rf8 32. Rh3 a5 33. Bd2 b4 34. Kc1 Bf6 35. Kd1 Kd6 36.
Ke2 Ke6 37. Rh6 Kd7 38. Kf2 Bg7 39. Rh7 Rf7 40. Bh6 Ke8 41. Rxg7 Rf6 42. g5 Rf4 43.
Ra7 1-0

[Event "Rapid della Domenica"]
[Site "Chess.com"]
[Date "2020.05.10"]
[Round "1"]
[White "fausto2p"]
[Black "laremaro"]
[Result "0-1"]
[WhiteElo "1104"]
[BlackElo "1616"]
[TimeControl "720+3"]
[EndTime "6:18:22 PDT"]
[Termination "laremaro ha vinto per abbandono"]

1. d4 d5 2. c4 e5 3. dxe5 d4 4.
Nf3 Nc6 5. a3 Bg4 6. Nbd2 Qd7 7.
h3 Bh5 8. b4 Nge7 9. Nb3 Bxf3 10. exf3 O-O-O 11. f4 f6 12. Nc5 Qe8 13. Be2 fxe5 14.
fxe5 Nxe5 15. Bb2 d3 16. Nxd3 Nxd3+ 17. Bxd3 Nd5+ 18. Kf1 Nf4 19. Qg4+ Kb8 20. Qxf4 Rxd3 21. g3 Bd6 22. Qg5 Qe4 23. Rg1 Re8 24. Qc1 Qe2+ 25.
Kg2 Qf3+ 26. Kh2 Qxf2+ 27. Rg2 Bxg3+ 28. Kh1 Qf3 29. Qf1 Qh5 30. Re2 Qxe2 31. Qxe2 Rxe2 0-1

[Event "Rapid della Domenica"]
[Site "Chess.com"]
[Date "2020.05.10"]
[Round "1"]
[White "Carbon"]
[Black "crippo"]
[Result "1-0"]
[WhiteElo "1751"]
[BlackElo "1484"]
[TimeControl "720+3"]
[EndTime "6:19:01 PDT"]
[Termination "Carbon ha vinto per scaccomatto"]

1. e4 e5 2. Nf3 Nc6 3. Bc4 d6 4. c3 Be7 5. d4 exd4 6. cxd4 Nf6 7. Nc3 O-O 8. O-O Bg4 9. Be3 Nd7 10. h3 Bh5 11. Nd5 Nb6 12. Nxe7+ Qxe7 13. Bd3 Nb4 14.
Bb1 Nc4 15. a3 Nc6 16. Qe2 Nb6 17. Bd3 f5 18. exf5 Nxd4 19. Bxd4 Qd7 20. Qe6+ Qxe6 21.
fxe6 Bxf3 22. gxf3 Rxf3 23. Bxb6 axb6 24. Bc4 Kf8 25. Kg2 Rf4 26. Rac1 c6 27. Rfe1 Ke7 28. Re3 Ra4 29. Bb3 Rad4 30. Rc2 d5 31. Rce2 Rf6 32. Bc2 h6 33. Rg3 g5 34. Rge3 Rdf4 35. Bh7 g4 36. h4 h5 37. Bg8 b5 38. Bf7 Rf3 39.
Bxh5 Rh3 40. Bxg4 Rxh4 41. f3 Rfh6 42. Kg3 Rh1 43. Re5 Rg1+ 44. Kf2 Rhh1 45. Rf5 Rf1+ 46.
Ke3 Rh7 47. Kf4 Rd1 48. Bh5 Kd6 49. Rf7 Rd4+ 50. Kg3 Rxh5 51. e7 Rg5+ 52. Kf2 Rh4 53. e8=Q Rh2+ 54. Ke1 Rxe2+ 55. Qxe2 Re5 56. Rd7+ Ke6 57.
Re7+ Kd6 58. Qxe5+ Kc5 59. b4+ Kb6 60. Qc7+ Ka6 61. Qxb7# 1-0

[Event "Rapid della Domenica"]
[Site "Chess.com"]
[Date "2020.05.10"]
[Round "1"]
[White "pedrak"]
[Black "sirmale49"]
[Result "1-0"]
[WhiteElo "1705"]
[BlackElo "1372"]
[TimeControl "720+3"]
[EndTime "6:21:12 PDT"]
[Termination "pedrak ha vinto per tempo"]

1. d4 d5 2. Nf3 Bf5 3. Bf4 Nf6 4. e3 Nc6 5. c3 e6 6. Bd3 Ne4 7. Qc2 Bd6 8. Bg3 O-O 9. O-O Nxg3 10.
hxg3 Bxd3 11. Qxd3 f6 12. Nbd2 e5 13. e4 Ne7 14. dxe5 fxe5 15. exd5 Nf5 16. Ne4 Qe8 17. Rad1 Rd8 18. Nfg5 Rd7 19. Ne6 Rff7 20. N4g5 Rf6 21. Ne4 Rg6 22. c4 Rxe6 23. dxe6 Qxe6 24. c5 Nd4 25. cxd6 cxd6 26. Ng5 Qf6 27. Qxh7+ Kf8 28. Qh8+ Ke7 29. Ne4 Qg6 30. Qh4+ Ke8 31. Nc3 Nf5 32. Qc4 Ne7 33. Rfe1 Nc6 34. Qg8+ 1-0

[Event "Rapid della Domenica"]
[Site "Chess.com"]
[Date "2020.05.10"]
[Round "1"]
[White "Ollarov"]
[Black "ferrariand"]
[Result "1-0"]
[WhiteElo "2030"]
[BlackElo "1553"]
[TimeControl "720+3"]
[EndTime "6:21:27 PDT"]
[Termination "Ollarov ha vinto per abbandono"]

1. e4 e5 2. Nf3 Nc6 3. Bb5 Nf6 4. O-O Nxe4 5. d4 Nd6 6. Bxc6 dxc6 7. dxe5 Nf5 8.
Qxd8+ Kxd8 9. h3 Bd7 10. Nbd2 h6 11. Ne4 Be7 12. b3 Ke8 13. Bb2 Rd8 14. Rad1 Be6 15. c4 b6 16. Nd4 Nxd4 17. Bxd4 Rd7 18. f4 f6 19. f5 fxe5 20. fxe6 Rxd4 21. Rxd4 exd4 22.
Rf7 g5 23. Ng3 Rf8 24. Rxf8+ Bxf8 25. Nf5 c5 26. g4 a6 27. Kf2 b5 28. cxb5 axb5 29. Ke2 Bd6 30. Nxd6+ cxd6 31. a4 c4 32. a5 cxb3 33. Kd3 b4 34. a6 b2 35. Kc2 b3+ 36. Kxb2 d3 37. Kxb3 d2 38. Kc2 1-0

[Event "Rapid della Domenica"]
[Site "Chess.com"]
[Date "2020.05.10"]
[Round "1"]
[White "sergiodone"]
[Black "Simo2005"]
[Result "0-1"]
[WhiteElo "1496"]
[BlackElo "1782"]
[TimeControl "720+3"]
[EndTime "6:21:57 PDT"]
[Termination "Simo2005 ha vinto per abbandono"]

1. e4 d6 2. d4 Nf6 3. Nd2 g6 4. Bd3 Bg7 5. h3 O-O 6. Ngf3 c6 7. c3 Nbd7 8. O-O Nb6 9. Re1 c5 10. d5 Re8 11. c4 Bd7 12. Qc2 Qc8 13. Bf1 e6 14.
Rb1 exd5 15. cxd5 Qc7 16. b3 Re7 17. Bb2 Rae8 18. Bd3 Nh5 19. Bxg7 Kxg7 20. Bf1 f5 21. Qc3+ Kg8 22. Ng5 fxe4 23. Ne6 Bxe6 24. dxe6 Rxe6 25. Qe3 Nd5 26. Qg5 Qc6 27. Bc4 Re5 28. Qg4 b5 29.
Bxd5+ Qxd5 30. Qd7 Qf7 31. Qxf7+ Kxf7 32. g3 e3 33. fxe3 Rxe3 34. Rf1+ Kg7 35. g4 Rg3+ 36. Kf2 Rf8+ 37. Ke2 Rxf1 38. Rxf1 Nf6 39. Rf3 Rxf3 40. Kxf3 Kf7 41. Ne4 Nxe4 42. Kxe4 Ke6 43. h4 c4 44. Kd4 cxb3 45. axb3 a5 46. Ke4 a4 47. bxa4 bxa4 48. Kd4 a3 49. Kc3 Ke5 50. Kb3 Kf4 51.
h5 gxh5 52. gxh5 Kg5 53. Kxa3 Kxh5 54. Kb3 Kg4 55. Kc3 h5 56. Kd4 Kg3 57. Kd5 h4 58. Kxd6 h3 59. Ke5 0-1

[Event "Rapid della Domenica"]
[Site "Chess.com"]
[Date "2020.05.10"]
[Round "2"]
[White "crippo"]
[Black "OMatteoWuO"]
[Result "1-0"]
[WhiteElo "1488"]
[BlackElo "1159"]
[TimeControl "720+3"]
[EndTime "6:30:42 PDT"]
[Termination "crippo ha vinto per abbandono"]

1. e4 c5 2. Nc3 Nc6 3. Nf3 Nf6 4.
e5 Ng4 5. Bb5 Ncxe5 6. O-O a6 7.
Be2 d6 8. d4 Nxf3+ 9. Bxf3 Nf6 10. Bg5 cxd4 11. Qxd4 e5 12. Qh4 Be7 13. Rad1 h6 14.
Rfe1 Nh7 15. Bxe7 Qxe7 16. Qg3 Ng5 17. Nd5 Nxf3+ 18. gxf3 Qg5 19. Qxg5 hxg5 20. Nc7+ Ke7 21. Nxa8 g4 22. f4 f6 23. Nb6 Be6 24. b3 g5 25.
fxe5 fxe5 26. c4 Kf7 27. Rxd6 Rh3 28. Rxe5 Rh6 29. Rxg5 g3 30. fxg3 Rf6 31. Re5 a5 32. Nd5 1-0

[Event "Rapid della Domenica"]
[Site "Chess.com"]
[Date "2020.05.10"]
[Round "2"]
[White "GB86_CHESS"]
[Black "laremaro"]
[Result "0-1"]
[WhiteElo "1695"]
[BlackElo "1641"]
[TimeControl "720+3"]
[EndTime "6:32:57 PDT"]
[Termination "laremaro ha vinto per abbandono"]

1. c4 Nf6 2. g3 c6 3. d4 d5 4. Nc3 dxc4 5. e3 Bg4 6. Qa4 b5 7. Nxb5 cxb5 8. Qxb5+ Bd7 9. Qxc4 Nc6 10. Bg2 Rc8 11.
Bd2 e5 12. d5 Nd4 13. Qd3 Nc2+ 14. Ke2 Nxa1 15. Nh3 Nc2 16. Rc1 Nb4 17. Rxc8 Qxc8 18. Bxb4 Bxb4 19. a3 Bd6 20. Ng5 h6 21. Ne4 Nxe4 22. Qxe4 O-O 23. b4 f5 24. Qd3 a6 25.
Qb3 Bb5+ 26. Kd2 Qc4 27. Qxc4 Bxc4 28. Kc3 Bb5 29. Bh3 g6 30. f3 Rc8+ 31. Kb2 Rc7 32. e4 fxe4 33. fxe4 Bd3 34. Be6+ Kg7 35. Kb3 Bxe4 36. a4 Rb7 37. b5 axb5 38. axb5 Rxb5+ 39. Kc4 Rc5+ 40. Kb3 Bxd5+ 0-1

[Event "Rapid della Domenica"]
[Site "Chess.com"]
[Date "2020.05.10"]
[Round "2"]
[White "ferrariand"]
[Black "sirmale49"]
[Result "0-1"]
[WhiteElo "1539"]
[BlackElo "1384"]
[TimeControl "720+3"]
[EndTime "6:34:44 PDT"]
[Termination "sirmale49 ha vinto per abbandono"]

1. e4 d5 2. exd5 Qxd5 3. Nc3 Qd6 4.
d4 c6 5. Nf3 Bg4 6. Be2 Nf6 7.
O-O Nbd7 8. h3 Bf5 9. Be3 e6 10. Qd2 Ne4 11. Nxe4 Bxe4 12. Rfd1 Nb6 13. Bf4 Qd5 14. b3 Be7 15. c4 Qf5 16. Nh4 Qf6 17. Be5 Qxh4 18. Bxg7 Rg8 19. Qh6 Qxh6 20. Bxh6 Rxg2+ 21. Kf1 Rg6 22. Bf4 Bg2+ 23. Ke1 Bxh3 24. Rac1 Bg4 25.
f3 Bf5 26. c5 Nd5 27. Be5 Bh4+ 28. Kd2 Bg5+ 29. Ke1 Ne3 0-1

[Event "Rapid della Domenica"]
[Site "Chess.com"]
[Date "2020.05.10"]
[Round "2"]
[White "fisherpez"]
[Black "Carbon"]
[Result "0-1"]
[WhiteElo "1604"]
[BlackElo "1761"]
[TimeControl "720+3"]
[EndTime "6:36:39 PDT"]
[Termination "Carbon ha vinto per scaccomatto"]

1. e3 d5 2. b3 Nf6 3. Bb2 g6 4. Nc3 Bg7 5. Be2 O-O 6. h4 h5 7. Nf3 c5 8. Nh2 Nc6 9. Rg1 Bf5 10. g4 hxg4 11. Nxg4 Nb4 12. d3 c4 13. a3 cxd3 14.
Bxd3 Nxd3+ 15. cxd3 Bxg4 16. Rxg4 Nxg4 17. Qxg4 Qc8 18.
Qxc8 Raxc8 19. d4 e6 20. Kd2 Rc6 21. f4 Rfc8 22. b4 Bf6 23. Rh1 Kg7 24. b5 Rc4 25. h5 Rh8 26. Ne2 Rxh5 27. Rg1 Rh2 28. Re1 Bh4 29. Rb1 Be7 30. Kd3 g5 31. Rg1 Rxe2 32.
Kxe2 Rc2+ 33. Kf3 Rxb2 34. fxg5 Rxb5 35. Rc1 Bxg5 36. Rc7 Rb3 37. Kg4 Bxe3 38. a4 Bxd4 39. a5 Rg3+ 40. Kf4 Rb3 41. a6 bxa6 42. Rc6 a5 43. Kg4 a4 44. Ra6 a3 45. Kf4 Bb2 46. Kg4 d4 47. Kf4 d3 48. Ke3 Bc1+ 49. Kf2 d2 50.
Ke2 Re3+ 51. Kxe3 d1=Q+ 52. Ke4 Qd5# 0-1

[Event "Rapid della Domenica"]
[Site "Chess.com"]
[Date "2020.05.10"]
[Round "2"]
[White "Simo2005"]
[Black "BAKR1980"]
[Result "0-1"]
[WhiteElo "1712"]
[BlackElo "1675"]
[TimeControl "720+3"]
[EndTime "6:39:21 PDT"]
[Termination "BAKR1980 ha vinto per abbandono"]

1. e4 Nc6 2. d4 d5 3. e5 f6 4. Nf3 fxe5 5. dxe5 e6 6. Bb5 Ne7 7. Bg5 h6 8. Bh4 g5 9. Bg3 Bg7 10. Nc3 O-O 11. Qd2 Nf5 12. Bxc6 bxc6 13. O-O-O c5 14. h4 Nxg3 15. fxg3 g4 16. Nh2 h5 17. Ne4 Qe7 18. Ng5 Bxe5 19. Qe3 Qg7 20. Qa3 Rb8 21. c3 Rf2 22. Rd2 Rxd2 23. Kxd2 Bxg3 24. Nf1 Bxh4 25. Qxc5 Bxg5+ 26. Kc2 Qg6+ 27.
Kd1 Qb1+ 0-1

[Event "Rapid della Domenica"]
[Site "Chess.com"]
[Date "2020.05.10"]
[Round "2"]
[White "fausto2p"]
[Black "Mrtre7"]
[Result "0-1"]
[WhiteElo "1099"]
[BlackElo "1427"]
[TimeControl "720+3"]
[EndTime "6:39:34 PDT"]
[Termination "Mrtre7 ha vinto per abbandono"]

1. d4 d5 2. c4 c6 3. Nc3 e6 4. Nf3 dxc4 5. a4 Bb4 6. e3 b5 7. axb5 cxb5 8. Bd2 Bxc3 9. Bxc3 Nf6 10. g3 Bb7 11.
Bg2 O-O 12. O-O Nbd7 13. b3 a5 14. bxc4 b4 15. Bb2 Nb6 16. Ne5 Bxg2 17. Kxg2 Rc8 18.
c5 Qd5+ 19. Kg1 Nc4 20. Nxc4 Qxc4 21. Rxa5 Ra8 22. Qa4 Rxa5 23. Qxa5 Ne4 24. Ra1 Qc2 25. Qxb4 Qxf2+ 26. Kh1 Qf3+ 27. Kg1 Qxe3+ 28. Kh1 Qf3+ 29.
Kg1 Nf2 30. Kf1 Nd3+ 31. Kg1 Nxb4 0-1

[Event "Rapid della Domenica"]
[Site "Chess.com"]
[Date "2020.05.10"]
[Round "2"]
[White "SanSecondoPR"]
[Black "sergiodone"]
[Result "0-1"]
[WhiteElo "1237"]
[BlackElo "1499"]
[TimeControl "720+3"]
[EndTime "6:41:50 PDT"]
[Termination "sergiodone ha vinto per scaccomatto"]

1. e4 c5 2. d4 cxd4 3. Nf3 g6 4. Nxd4 d6 5. Nc3 Bg7 6. Nb3 e6 7. Bb5+ Nc6 8. O-O Ne7 9. Bg5 O-O 10. Qd2 Re8 11.
Rad1 Qc7 12. Qxd6 Qb6 13. Bxc6 Qxc6 14. Bxe7 Qxd6 15. Bxd6 a6 16. e5 b5 17. Ne4 Bb7 18. Nec5 Bd5 19. a3 h5 20. Na5 h4 21. b4 h3 22. f3 Bh6 23. Ne4 hxg2 24. Kxg2 Kg7 25.
Nf6 Rec8 26. Nxd5 Rxc2+ 27. Rf2 Rxf2+ 28. Kxf2 exd5 29. Rxd5 Rc8 30. Bc5 Bc1 31. Rd3 g5 32. Nb7 Rh8 33. Kg2 Bf4 34. h3 Bxe5 35. Rd5 f6 36.
Na5 Bb2 37. Rd3 Re8 38. Kf1 Kg6 39. Nc6 Rh8 40. Kg2 Rh4 41. Rb3 Bc1 42. Be3 Rc4 43. Na5 Rc2+ 44. Kg3 f5 45. Bxc1 Rxc1 46. Nb7 Rc2 47.
Nc5 f4+ 48. Kg4 Rg2# 0-1

[Event "Rapid della Domenica"]
[Site "Chess.com"]
[Date "2020.05.10"]
[Round "2"]
[White "pedrak"]
[Black "Ollarov"]
[Result "0-1"]
[WhiteElo "1702"]
[BlackElo "2040"]
[TimeControl "720+3"]
[EndTime "6:49:41 PDT"]
[Termination "Ollarov ha vinto per abbandono"]

1. d4 Nf6 2. Nf3 g6 3. Bf4 Bg7 4. h3 d6 5. e3 O-O 6. Be2 c5 7. c3 Nc6 8. O-O Be6 9. Nbd2 Qb6 10. b3 cxd4 11. cxd4 Nd5 12. Nc4 Qd8 13. Bg3 Nc3 14. Qd2 Nxe2+ 15. Qxe2 b5 16. Ncd2 a6 17. Rac1 Rc8 18.
Ng5 Bd7 19. Nge4 f5 20. Nc3 Be8 21. Bh4 Bf7 22. Nf3 h6 23. Bg3 Re8 24. Qd3 Nb4 25.
Qd2 Qb6 26. Rfd1 Qb7 27. Ne1 e5 28. Ne2 Nd5 29. Nf3 Rxc1 30. Rxc1 g5 31. dxe5 dxe5 32. Nc3 Nxc3 33. Qxc3 f4 34. Bh2 e4 35. Nd4 b4 36.
Qc5 f3 37. gxf3 exf3 38. Nf5 Qd7 39. Bd6 Be6 40. Nxg7 Kxg7 41. Qc7 Qxc7 42. Rxc7+ Kg6 43. Rc6 Kh5 44. Kh2 Rd8 45. Rxa6 Bc8 46. Kg3 Bxa6 47.
Bxb4 Be2 48. a4 Rb8 49. Bc5 Rxb3 50. a5 Rb5 51. Bb6 Rb1 52. Bd4 Rg1+ 53. Kh2 Rg2+ 54.
Kh1 Rxf2 55. Kg1 Rf1+ 56. Kh2 Rb1 57. Kg3 Rg1+ 58. Kf2 Rg2+ 59. Ke1 Rg3 60. e4 Kg6 61. Bf2 Rxh3 62. Kd2 Kf6 63. Ke3 Ke5 64. Be1 Rh1 65.
Bc3+ Ke6 66. Kd4 f2 0-1

[Event "Rapid della Domenica"]
[Site "Chess.com"]
[Date "2020.05.10"]
[Round "3"]
[White "BAKR1980"]
[Black "Ollarov"]
[Result "1-0"]
[WhiteElo "1704"]
[BlackElo "1982"]
[TimeControl "720+3"]
[EndTime "7:02:13 PDT"]
[Termination "BAKR1980 ha vinto per abbandono"]

1. d4 Nf6 2. Nf3 g6 3. c4 Bg7 4. Nc3 O-O 5. e4 d6 6. Be2 e5 7.
dxe5 dxe5 8. O-O c6 9. Qxd8 Rxd8 10. h3 Be6 11. Ng5 Bc8 12. Be3 b6 13. Rfd1 Re8 14. Rd6 Bb7 15. Rad1 Na6 16. c5 Nxc5 17. Bxc5 bxc5 18.
Bc4 Rf8 19. Na4 h6 20. Nxf7 Rxf7 21. Nxc5 Rb8 22. Rd8+ Rxd8 23. Rxd8+ Bf8 24. Nxb7 Kg7 25. Bxf7 Kxf7 26. f3 g5 27. Rc8 c5 28. Nxc5 Nh5 29. Rc7+ Ke8 30. Nd7 Kd8 31. Rxa7 Bd6 32. Kf1 Nf4 33. Nf6 Kc8 34. Rh7 Bb4 35. Rxh6 g4 36. hxg4 Nd3 37. g5 Kd8 38. g6 Bf8 39. Rh8 Ke7 40.
Nd5+ 1-0

[Event "Rapid della Domenica"]
[Site "Chess.com"]
[Date "2020.05.10"]
[Round "3"]
[White "OMatteoWuO"]
[Black "SanSecondoPR"]
[Result "0-1"]
[WhiteElo "1149"]
[BlackElo "1249"]
[TimeControl "720+3"]
[EndTime "7:04:33 PDT"]
[Termination "SanSecondoPR ha vinto per scaccomatto"]

1. d4 d5 2. c4 e5 3. dxe5 d4 4. Nf3 Nc6 5. Bf4 Be6 6. e3 Bb4+ 7. Nbd2 Nge7 8. a3 Bxd2+ 9. Nxd2 Ng6 10. Bg3 dxe3 11.
fxe3 O-O 12. Be2 Ncxe5 13. Qb3 Qf6 14. O-O-O b5 15. Rhf1 Qe7 16. Qc3 f6 17. Bxe5 Nxe5 18. cxb5 c6 19. b6 axb6 20. Bc4 b5 21. Bxe6+ Qxe6 22. Nf3 b4 23. Qxb4 Rab8 24. Qd6 Qa2 25. Nxe5 Qxb2# 0-1

[Event "Rapid della Domenica"]
[Site "Chess.com"]
[Date "2020.05.10"]
[Round "3"]
[White "sergiodone"]
[Black "pedrak"]
[Result "1-0"]
[WhiteElo "1511"]
[BlackElo "1684"]
[TimeControl "720+3"]
[EndTime "7:06:27 PDT"]
[Termination "sergiodone ha vinto per abbandono"]

1. e4 d5 2. exd5 Qxd5 3. c4 Qd6 4. d4 e5 5. d5 f5 6. Nc3 Nf6 7. Be2 a6 8. Be3 b6 9. f3 Be7 10. Bf2 O-O 11. Nh3 Bb7 12. Ng5 Bc8 13. Qb3 h6 14. Nh3 Nbd7 15. O-O-O Nc5 16. Bxc5 bxc5 17. g4 f4 18. Nf2 Bd7 19. h4 Rfb8 20. Qc2 Qb6 21. Nfe4 Nxe4 22. Nxe4 Rb7 23. b3 a5 24. g5 h5 25. g6 a4 26. Rd3 Qa6 27. Nc3 axb3 28.
axb3 Qa3+ 29. Kd2 Rxb3 30. Rb1 Rab8 31. Nb5 Rxd3+ 32. Bxd3 Qa5+ 33. Qc3 Qxc3+ 34. Nxc3 Rxb1 35. Nxb1 Bxh4 36. Nc3 Be7 37. Nb5 Bd6 38. Nc3 Kf8 39. Ke2 Ke7 40. Kf2 Bh3 41. Ne4 Kd7 42. Kg1 Be7 43.
Nf2 Be6 44. dxe6+ Kxe6 45. Kg2 c6 46. Kh3 Bd8 47. Be4 Kd7 48. Nd3 Bf6 49. Nxc5+ Kc7 50. Ne6+ Kd6 51. Nf8 Kc5 52. Nd7+ Kd6 53. Nxf6 1-0

[Event "Rapid della Domenica"]
[Site "Chess.com"]
[Date "2020.05.10"]
[Round "3"]
[White "ferrariand"]
[Black "fausto2p"]
[Result "1-0"]
[WhiteElo "1540"]
[BlackElo "1096"]
[TimeControl "720+3"]
[EndTime "7:07:54 PDT"]
[Termination "ferrariand ha vinto per scaccomatto"]

1. e4 e6 2. d4 d5 3. Nd2 Nf6 4.
e5 Nfd7 5. c3 c5 6. Bd3 cxd4 7.
cxd4 Nc6 8. Ne2 Qb6 9. Nf3 Bb4+ 10. Bd2 Bxd2+ 11. Qxd2 Nb4 12. b3 Nxd3+ 13. Qxd3 Qb4+ 14. Qc3 Qxc3+ 15. Nxc3 a6 16. O-O O-O 17. Rac1 b5 18. Ne2 f6 19. exf6 Nxf6 20. Ne5 Ne4 21. f3 Ng5 22.
Rc7 Nf7 23. Nc6 Nd6 24. Rc1 Nf5 25. Ne7+ Nxe7 26. Rxe7 a5 27. Rcc7 Rf6 28. Rxg7+ Kf8 29. Rxh7 Rg6 30. Ng3 Rg8 31. Nh5 e5 32. Rhf7+ Ke8 33.
Nf6+ Kd8 34. Nxg8 exd4 35. Nf6 d3 36. Nxd5 Be6 37. Rf8# 1-0

[Event "Rapid della Domenica"]
[Site "Chess.com"]
[Date "2020.05.10"]
[Round "3"]
[White "laremaro"]
[Black "Carbon"]
[Result "1/2-1/2"]
[WhiteElo "1647"]
[BlackElo "1756"]
[TimeControl "720+3"]
[EndTime "7:08:23 PDT"]
[Termination "Patta d'accordo"]

1. e4 c5 2. d4 cxd4 3. c3 d3 4. Bxd3 Nc6 5. Nf3 g6 6. O-O Bg7 7. Qe2 d6 8. Rd1 Nf6 9. Nbd2 O-O 10. Nf1 Bg4 11. h3 Bxf3 12. Qxf3 Ne5 13. Qe2 Nxd3 14. Qxd3 Qa5 15. Ne3 Qe5 16. Nd5 Nxd5 17. Qxd5 Qxd5 18. Rxd5 Rfc8 19. Bg5 Kf8 20. Rad1 Rc4 21. f3 Rac8 22.
Be3 a6 23. Bd4 Bxd4+ 24. R1xd4 Rxd4 25. Rxd4 Rc6 26. Kf2 e6 27. Ke3 Ke7 28. Kd3 Rc5 29. Rb4 Rc7 30. f4 h5 31. h4 Kf6 32. g3 e5 33. Rc4 Rd7 34. Ke3 d5 35. fxe5+ Kxe5 36. Rc5 Ke6 37. exd5+ Rxd5 38. Rxd5 Kxd5 39. b3 f6 40. c4+ Ke5 41. a3 g5 42. c5 gxh4 43.
gxh4 f5 44. b4 f4+ 45. Kf3 Kf5 46. a4 Ke5 47. b5 axb5 48. axb5 Kd5 49. c6 bxc6 50.
bxc6 Kxc6 51. Kxf4 Kd6 52. Kg5 Ke5 53. Kxh5 1/2-1/2

[Event "Rapid della Domenica"]
[Site "Chess.com"]
[Date "2020.05.10"]
[Round "3"]
[White "crippo"]
[Black "Simo2005"]
[Result "1-0"]
[WhiteElo "1509"]
[BlackElo "1638"]
[TimeControl "720+3"]
[EndTime "7:09:07 PDT"]
[Termination "crippo ha vinto per scaccomatto"]

1. e4 d6 2. Nf3 Nf6 3. Nc3 g6 4. d4 c6 5. Bd3 Bg7 6. Bg5 b5 7. Qd2 Nbd7 8. O-O Nb6 9. e5 dxe5 10.
dxe5 Nfd5 11. Bh6 O-O 12. Bxg7 Kxg7 13. Nd4 Qc7 14. Rae1 Nxc3 15. bxc3 e6 16. f4 Rd8 17. f5 exf5 18. Qg5 Kh8 19. Qf6+ Kg8 20. e6 Bxe6 21. Nxe6 fxe6 22. Rxe6 Nd5 23. Qg5 Re8 24. Bxf5 Rxe6 25.
Bxe6+ Kh8 26. Bxd5 cxd5 27. Qf6+ Kg8 28. Qe6+ Kh8 29.
Kh1 Qxc3 30. Qxd5 Re8 31. Qxb5 Re1 32. Qb8+ Kg7 33. Qf8# 1-0

[Event "Rapid della Domenica"]
[Site "Chess.com"]
[Date "2020.05.10"]
[Round "3"]
[White "sirmale49"]
[Black "GB86_CHESS"]
[Result "0-1"]
[WhiteElo "1382"]
[BlackElo "1705"]
[TimeControl "720+3"]
[EndTime "7:16:07 PDT"]
[Termination "GB86_CHESS ha vinto per tempo"]

1. b3 e5 2. Bb2 d6 3. e3 Be7 4. Nf3 Bf6 5. c4 Ne7 6. d4 exd4 7. Bxd4 Nf5 8. Nc3 Nxd4 9. Nxd4 a6 10. Qd3 c5 11.
Qe4+ Qe7 12. Qxe7+ Kxe7 13. Nde2 Nc6 14. Rc1 Be6 15. Nf4 Nb4 16. a3 Nc6 17. Nxe6 fxe6 18. g3 Rad8 19. Bg2 Ne5 20. Ke2 Rd7 21. Ne4 Rhd8 22.
Rhd1 b6 23. f4 Nf7 24. g4 Bb2 25. Rc2 Bxa3 26. Ra2 Bb4 27. Rxa6 d5 28. Ng3 Ba5 29. cxd5 exd5 30. Nf5+ Ke6 31. Nxg7+ Kf6 32. Nh5+ Kg6 33.
Ng3 d4 34. Be4+ Kf6 35. g5+ Nxg5 36. fxg5+ Kxg5 37. Bc6 Re7 38. e4 h5 39. h4+ Kf4 40. Nxh5+ Kg4 41. Nf6+ Kxh4 42. Rh1+ Kg5 43. e5 Rxe5+ 44.
Ne4+ Kg6 45. Ra7 d3+ 46. Kd1 Kf5 47. Rh5+ Ke6 48. Rh6+ Kf5 49. Rf7+ Kg4 50. Rg7+ Kf3 51.
Rf6+ Ke3 52. Rg3+ Kd4 53. Rf4 Bb4 54. Nd2+ Kc3 55. Rc4+ Kb2 56. Re4 Rh5 57. Reg4 Bxd2 58. Kxd2 Rh2+ 59. Rg2 Rxg2+ 60. Rxg2 Kxb3 61. Rg5 Rd6 62. Bd5+ c4 63. Rf5 b5 64. Re5 Rh6 65. Bg2 b4 66. Re1 Rh2 67. Rg1 Kb2 68. Ke3 Kc2 69. Be4 Re2+ 70. Kd4 Rxe4+ 71. Kxe4 d2 72. Rg2 b3 0-1

[Event "Rapid della Domenica"]
[Site "Chess.com"]
[Date "2020.05.10"]
[Round "3"]
[White "Mrtre7"]
[Black "fisherpez"]
[Result "1-0"]
[WhiteElo "1454"]
[BlackElo "1554"]
[TimeControl "720+3"]
[EndTime "7:16:32 PDT"]
[Termination "Mrtre7 ha vinto per scaccomatto"]

1. d4 e6 2. c4 Nf6 3. Nc3 Bb4 4. e3 Ne4 5. Qc2 f5 6. Bd3 Nf6 7. Nf3 b6 8. a3 Be7 9. O-O Bb7 10. e4 fxe4 11.
Nxe4 O-O 12. Nxf6+ Bxf6 13. Bxh7+ Kh8 14. Be4 Nc6 15.
Qe2 Qe8 16. Ne5 Bxe5 17. dxe5 Rb8 18. Qg4 Rf5 19. Bxf5 exf5 20. Qxf5 Nxe5 21. Bf4 Nf7 22. Rfe1 Qf8 23. Bxc7 Rc8 24. Qxd7 Ba6 25. Re7 Bxc4 26. Rae1 Kh7 27. R1e4 Bb3 28. Rh4+ Nh6 29.
Qd3+ Kh8 30. Qd7 Kh7 31. Rh5 Ba4 32. Qe6 Bb3 33. Qe4+ Kh8 34. Rxh6+ Kg8 35. Qh7# 1-0

[Event "Rapid della Domenica"]
[Site "Chess.com"]
[Date "2020.05.10"]
[Round "4"]
[White "Ollarov"]
[Black "laremaro"]
[Result "1-0"]
[WhiteElo "1990"]
[BlackElo "1642"]
[TimeControl "720+3"]
[EndTime "7:29:21 PDT"]
[Termination "Ollarov ha vinto per abbandono"]

1. e4 d5 2. exd5 Qxd5 3. Nc3 Qd6 4. d4 c6 5. Nf3 Bg4 6. Be2 Nf6 7. O-O e6 8. Bg5 Be7 9. Bh4 Qc7 10. Ne5 Bxe2 11. Qxe2 Nbd7 12. Ne4 Nxe4 13. Bxe7 Kxe7 14. Qxe4 Nxe5 15.
dxe5 h6 16. Rfd1 Rhd8 17. Qe3 b6 18. Kf1 Rd5 19. f4 Rad8 20. Re1 Rd2 21. Re2 Qd7 22.
Rae1 Qd5 23. Rxd2 Qxd2 24. Qxd2 Rxd2 25. Re2 Rxe2 26. Kxe2 h5 27. g3 g6 28. Kd3 Kd7 29. b4 b5 30. Kd4 Kc7 31. Kc5 Kd7 32. a3 Kc7 33. c3 Kd7 34. c4 bxc4 35. Kxc4 Kc7 36.
Kc5 Kd7 37. h3 Kc7 38. a4 Kd7 39. h4 Kc7 40. Kc4 Kb6 41. Kd4 Kb7 42. a5 Kc7 43. Ke4 Kb7 44. f5 exf5+ 45. Kf4 Kc7 46. Kg5 Kd7 47. Kf6 Ke8 48. e6 fxe6 49. Kxe6 g5 50. Kxf5 1-0

[Event "Rapid della Domenica"]
[Site "Chess.com"]
[Date "2020.05.10"]
[Round "4"]
[White "pedrak"]
[Black "ferrariand"]
[Result "1-0"]
[WhiteElo "1691"]
[BlackElo "1534"]
[TimeControl "720+3"]
[EndTime "7:29:51 PDT"]
[Termination "pedrak ha vinto per abbandono"]

1. d4 d5 2. Nf3 Nf6 3. Bf4 Bf5 4. e3 e6 5. Bd3 Bg6 6. O-O Bd6 7. Ne5 O-O 8. Qe2 h6 9. Nxg6 fxg6 10. Bxg6 Bxf4 11. exf4 Qd6 12. g3 Nc6 13. c3 Ne7 14. Bc2 Rae8 15.
Nd2 Nf5 16. Nf3 Nd7 17. Ne5 Nxe5 18. fxe5 Qe7 19. Rae1 Qg5 20. f4 Qe7 21. Qh5 Qf7 22. Qxf7+ Rxf7 23. Bxf5 Rxf5 24. g4 Rf7 25. Rf3 Ref8 26.
Ref1 g5 27. f5 exf5 28. gxf5 h5 29. Kg2 g4 30. Rf4 Kg7 31. Kg3 Kh6 32. Kh4 Rg8 33.
f6 Kg6 34. e6 Rh7 35. f7 Rf8 36. e7 1-0